 Seeded DCSS version 0.30.1-11-g7821555f0a (webtiles) character file.

Game seed: 5 (custom seed)

3860 Kazon the Shield-Bearer (level 10, -1/59 HPs)
             Began as a Gargoyle Fighter on Nov 22, 2023.
             Was an Elder of the Shining One.
             Slain by a polar bear (9 damage)
             ... on level 8 of the Dungeon.
             The game lasted 00:23:19 (5077 turns).

Kazon the Shield-Bearer (Gargoyle Fighter)          Turns: 5077, Time: 00:23:20

Health: -1/59      AC: 36    Str: 24    XL:     10   Next: 18%
Magic:  0/24       EV:  5    Int:  9    God:    the Shining One [****..]
Gold:   378        SH: 15    Dex: 15    Spells: 9/9 levels left

rFire   . . .        f - +0 hand axe (flame)
rCold   . . .        c - +0 tower shield
rNeg    + + +        e - +15 Maxwell's patent armour {-Cast -Tele rElec Will+ rCorr}
rPois   ∞            i - +0 helmet
rElec   +            (no cloak)
rCorr   +            M - +0 pair of gloves
SInv    .            (no boots)
Will    +....        D - amulet of guardian spirit Stlth
                     r - ring of magical power
HPRegen 0.29/turn    x - +6 ring of dexterity
MPRegen 0.19/turn

%: no teleportation, no spellcasting, guardian spirit
@: glowing
A: sickness immunity, AC +7, negative energy resistance 1, electricity
resistance, torment resistance 1, petrification resistance
a: Renounce Religion, Divine Shield, Cleansing Flame


You were on level 8 of the Dungeon.
You worshipped the Shining One.
The Shining One was greatly pleased with you.
You visited 2 branches of the dungeon, and saw 9 of its levels.
You also visited: Ossuary.

You collected 378 gold pieces.

Inventory:

Hand Weapons
 a - a +0 flail
 f - a +0 hand axe of flaming (weapon)
 h - a +0 whip of holy wrath
 w - the +2 sling "Qeuhanocyt" {speed, rElec Str-3 Dex+2}
   (You found it on level 3 of the Dungeon)

   Str:       It affects your strength (-3).
   Dex:       It affects your dexterity (+2).
   rElec:     It insulates you from electricity.
Missiles
 b - a stone
 j - 11 boomerangs
 o - 11 poisoned darts (quivered)
Armour
 c - a +0 tower shield (worn)
 e - the +15 Maxwell's patent armour (worn) {-Cast -Tele rElec Will+ rCorr}
   (You acquired it on level 1 of the Dungeon)

   rElec:     It insulates you from electricity.
   -Cast:     It prevents spellcasting.
   -Tele:     It prevents most forms of teleportation.
   rCorr:     It protects you from acid and corrosion.
   Will:      It increases your willpower.
 i - a +0 helmet (worn)
 M - a +0 pair of gloves (worn)
Jewellery
 r - a ring of magical power (left hand)
 x - a +6 ring of dexterity (right hand)
 D - an amulet of guardian spirit (around neck)
Wands
 A - a wand of paralysis (8)
Scrolls
 l - a scroll of teleportation
 m - a scroll of blinking {unknown}
 n - 5 scrolls of identify {unknown}
 p - 2 scrolls of magic mapping {unknown}
 s - 2 scrolls of summoning {unknown}
 y - a scroll of amnesia {unknown}
 z - a scroll of fog {unknown}
 B - a scroll of torment {unknown}
 F - a scroll of poison {unknown}
 G - a scroll of enchant armour {unknown}
 K - 2 scrolls of fear {unknown}
 L - a scroll of enchant weapon {unknown}
Potions
 d - a potion of might
 g - 2 potions of magic {unknown}
 k - 4 potions of curing
 q - 5 potions of flight {unknown}
 t - 2 potions of invisibility {unknown}
 u - 2 potions of berserk rage {unknown}
 v - 4 potions of heal wounds {unknown}
 C - a potion of lignification {unknown}
 E - 4 potions of attraction {unknown}
 H - a potion of resistance {unknown}
 I - a potion of haste {unknown}
 J - 2 potions of brilliance {unknown}


   Skills:
 + Level 5.3 Fighting
 + Level 5.2(6.1) Axes
 + Level 5.4(6.6) Maces & Flails
 + Level 0.4 Ranged Weapons
 + Level 3.7 Throwing
 + Level 4.9 Armour
 + Level 1.1 Dodging
 + Level 0.6 Stealth
 + Level 7.2 Shields
 * Level 6.8 Invocations
 * Level 3.9 Evocations


You had 9 spell levels left.
You didn't know any spells.
Your spell library contained the following spells:

 Spells                   Type           Power      Damage    Failure   Level
 Frozen Ramparts          Ice            0%         1d1       100%        3
 Ignite Poison            Fire/Tmut/Pois 0%         N/A       100%        3
 Ice Form                 Ice/Tmut       0%         N/A       100%        4
 Sticky Flame             Conj/Fire      0%         2d3       100%        4
 Summon Ice Beast         Ice/Summ       0%         N/A       100%        4
 Summon Forest            Summ/Tloc      0%         N/A       100%        5
 Eringya's Noxious Bog    Tmut/Pois      0%         N/A       100%        6
 Summon Hydra             Summ           0%         N/A       100%        7
 Ignition                 Fire           0%         3d3       100%        8


Dungeon Overview and Level Annotations

Branches:
Dungeon (8/15)             Temple (1/1) D:4         Ossuary (visited)
   Lair: D:8-11

Altars:
Dithmenos
Fedhas
Hepliaklqana
Qazlal
Trog
Wu Jian
Xom
The Shining One


Innate Abilities, Weirdness & Mutations

You are immune to sickness and miasma.
Your stone body is resilient. (AC +7)
You are immune to poison.
You resist negative energy. (rN+)
You are resistant to electric shocks. (rElec)
You are resistant to unholy torment.
You are immune to petrification.


Message History

The polar bear bites you! You block the polar bear's attack.
The polar bear claws you but does no damage.
The polar bear bites you but does no damage.
You block the polar bear's attack.
The polar bear claws you but does no damage.
You hit the polar bear. You burn the polar bear.
The polar bear is severely wounded.
The polar bear goes berserk!
You hit the polar bear. You burn the polar bear.
The polar bear is severely wounded.
The polar bear bites you!
The polar bear claws you but does no damage.
You block the polar bear's attack. The polar bear bites you!!
The polar bear claws you but does no damage.
The polar bear claws you.
You hit the polar bear. You burn the polar bear.
The polar bear is almost dead.
You block the polar bear's attack. x2
The polar bear claws you but does no damage.
You hit the polar bear. You burn the polar bear.
The polar bear is almost dead.
The polar bear bites you!
* * * LOW HITPOINT WARNING * * *
The polar bear closely misses you. You block the polar bear's attack.
The polar bear bites you!!
* * * LOW HITPOINT WARNING * * *
You block the polar bear's attack. The polar bear claws you.
The Shining One protects you from harm!
It was a potion of curing.
You feel better. You block the polar bear's attack. x2
The polar bear claws you but does no damage.
The polar bear barely misses you. x2
The polar bear claws you but does no damage.
You hit the polar bear but do no damage.
The polar bear is almost dead.
The polar bear bites you but does no damage.
The polar bear claws you but does no damage.
The polar bear claws you.
* * * LOW HITPOINT WARNING * * *
The polar bear bites you!
You die...

.......#
#......
#.....# #
##..8..
.#.#.....#
.........
#......h#
#@# #.#
... ..###
##. .. .#
#.


You could see a polar bear (berserk).

Vanquished Creatures
  A two-headed ogre (D:7)
  Sigmund (D:4)
  Duvessa (D:6)
  A water moccasin (D:6)
  A sky beast (D:7)
  3 black bears
  2 centaurs
  2 ogres
  An elf zombie (Ossuary)
  A kobold brigand (D:7)
  3 scorpions
  4 killer bees (D:7)
  10 wights (D:7)
  Dowan (D:6)
  A howler monkey (D:6)
  A vampire bat (D:7)
  6 hounds
  A centaur zombie (Ossuary)
  3 human zombies (Ossuary)
  A jelly (D:5)
  2 orc priests (D:6)
  6 iguanas
  4 orc wizards (D:6)
  4 ogre zombies (Ossuary)
  7 mummies (Ossuary)
  4 gnolls (D:5)
  9 adders
  A white imp (D:7)
  2 ufetubi
  A worm zombie (D:7)
  2 adder zombies (Ossuary)
  3 worms
  15 orcs
  12 bats
  9 endoplasms
  A giant cockroach (D:1)
  12 goblins
  7 hobgoblins
  11 jackals
  10 kobolds
  3 quokkas (D:4)
  6 ball pythons
  3 frilled lizards
  4 goblin zombies (Ossuary)
  6 hobgoblin zombies
  3 kobold zombies
  4 quokka zombies (Ossuary)
  4 rats
  4 rat zombies (Ossuary)
204 creatures vanquished.

Notes
Turn   | Place    | Note
-------+----------+-------------------------------------------
     0 | D:1      | Kazon the Gargoyle Fighter began the quest for the Orb.
     0 | D:1      | Reached XP level 1. HP: 14/14 MP: 1/1
    51 | D:1      | Identified a scroll of acquirement
    51 | D:1      | Acquired the +15 Maxwell's patent armour {-Cast -Tele rElec
                  | Will+ rCorr}
    51 | D:1      | Found the +15 Maxwell's patent armour {-Cast -Tele rElec
                  | Will+ rCorr}
    77 | D:1      | Reached XP level 2. HP: 19/19 MP: 2/2
   298 | D:1      | Reached XP level 3. HP: 23/23 MP: 3/3
   982 | D:2      | Reached XP level 4. HP: 28/28 MP: 4/4
  1243 | D:2      | Reached skill level 4 in Shields
  1607 | D:3      | Reached skill level 1 in Throwing
  1668 | D:3      | Found a blossoming altar of Fedhas.
  1690 | D:3      | Reached XP level 5. HP: 28/33 MP: 5/5
  1810 | D:3      | Found a stormy altar of Qazlal.
  1869 | D:3      | Found a faded altar of an unknown god.
  2041 | D:3      | Identified the +2 sling "Qeuhanocyt" {speed, rElec Str-3
                  | Dex+2}
  2085 | D:4      | Found a staircase to the Ecumenical Temple.
  2101 | Temple   | Entered the Ecumenical Temple
  2108 | Temple   | Became a worshipper of the Shining One
  2152 | D:4      | Noticed a black bear
  2171 | D:4      | Killed a black bear
  2172 | D:4      | Reached skill level 1 in Invocations
  2174 | D:4      | Found a hazy altar of Hepliaklqana.
  2180 | D:4      | Found a shadowy altar of Dithmenos.
  2180 | D:4      | Noticed a shadow
  2214 | D:4      | Noticed Sigmund
  2220 | D:4      | Killed Sigmund
  2221 | D:4      | Reached XP level 6. HP: 33/38 MP: 7/7
  2407 | D:4      | Reached XP level 7. HP: 42/42 MP: 8/8
  2633 | D:4      | Reached skill level 1 in Evocations
  2745 | D:4      | Reached skill level 5 in Shields
  2802 | D:5      | Entered Level 5 of the Dungeon
  2860 | D:4      | Reached skill level 1 in Axes
  3012 | D:5      | Reached XP level 8. HP: 45/48 MP: 10/10
  3270 | D:6      | Noticed Dowan
  3271 | D:6      | Noticed Duvessa
  3285 | D:6      | Killed Dowan
  3292 | D:6      | Killed Duvessa
  3446 | D:6      | Found a shimmering altar of Xom.
  3450 | D:6      | Reached * piety under the Shining One
  3495 | D:6      | Reached skill level 1 in Dodging
  3770 | D:7      | Reached XP level 9. HP: 48/53 MP: 12/12
  3847 | D:7      | Reached skill level 6 in Shields
  3853 | D:7      | Reached skill level 5 in Invocations
  3878 | D:7      | Reached ** piety under the Shining One
  3879 | D:7      | Reached skill level 5 in Fighting
  3907 | D:7      | Found a sand-covered staircase.
  3930 | Ossuary  | Entered an ossuary
  4057 | Ossuary  | Reached *** piety under the Shining One
  4220 | Ossuary  | Reached skill level 5 in Maces & Flails
  4221 | Ossuary  | Reached **** piety under the Shining One
  4793 | D:7      | Reached skill level 5 in Axes
  4847 | D:7      | Noticed a two-headed ogre
  4855 | D:7      | Killed a two-headed ogre
  4856 | D:7      | Reached skill level 7 in Shields
  4856 | D:7      | Reached XP level 10. HP: 47/59 MP: 15/15
  5075 | D:8      | HP: 1/59 [polar bear (15)]
  5075 | D:8      | The Shining One protects you from harm!
  5077 | D:8      | Slain by a polar bear

Illustrated notes

Levels and vault maps discovered:
D:1:      ebering_trefoil_3fold, layout_basic, st_stairs_14, serial_bayou_ford_a
D:2:      layout_basic, hangedman_decor_growths, minmay_close_crescents
D:3:      layout_rooms, mainiacjoe_overflow_concentric_impassable,
          mainiacjoe_overflow_paths, shapermc_ecumenical_altar_acropolis,
          chequers_serial_rivers_micro_b
D:4:      layout_basic, riverfiend_overflow_shadow_ancestor,
          minmay_temple_entry_glass, uniq_sigmund
D:5:      layout_gridville
D:6:      layout_basic, xom_teletrap_fun, uniq_duvessa
D:7:      layout_loops_ring, enter_ossuary_3, roderic_batcave
D:8:      layout_layer_cave, minmay_lair_entry_grove, serial_shops,
          nicolae_lakefront_shop, serial_ice, serial_ice_o, serial_ice_d,
          serial_ice_k, serial_ice_a
Temple:   nicolae_temple_elliptical

Skill      XL: |  1  2  3  4  5  6  7  8  9 |
---------------+----------------------------+-----
Maces & Flails | 3 4 5 |  5.4
Shields        | 4 5 7 |  7.2
Throwing       | 1 2 3 |  3.7
Invocations    | 1 2 4 6 |  6.8
Evocations     | 1 2 3 |  3.9
Fighting       | 4 5 |  5.3
Armour         | 4 |  4.9
Axes           | 2 3 5 |  5.2
Dodging        | 1 |  1.1
Ranged Weapons | |  0.4
Stealth        | |  0.6

Action                     |  1- 3 |  4- 6 |  7- 9 | 10-12 || total
---------------------------+-------+-------+-------+-------++-------
  Melee: Flail             |   117 |    95 |       |       ||   212
         Hand axe          |       |    20 |   384 |    25 ||   429
         Whip              |       |       |   183 |       ||   183
   Fire: Sling             |       |       |     4 |     1 ||     5
  Throw: Dart              |       |     1 |    23 |     2 ||    26
         Stone             |       |       |    53 |       ||    53
         Boomerang         |       |       |     1 |       ||     1
    Use: Scroll            |     2 |     1 |       |       ||     3
         Potion            |       |       |       |     1 ||     1
 Armour: Scale mail        |    22 |       |       |       ||    22
         Plate armour      |    48 |    76 |   291 |    34 ||   449
  Dodge: Dodged            |    26 |     6 |    72 |    10 ||   114
  Block: Buckler           |     7 |       |       |       ||     7
         Tower shield      |    61 |    75 |   410 |    37 ||   583
